AoeStats
← Barko

MegaRandom

510199801Analyzed
2v2 RM · 4d ago on Sep 29, 2026· 32m 45s· 4 players
Game mode
Random Map
Map size
Medium (4 player)
Population
200
Speed
Normal
Resources
Standard
Victory
Conquest
Starting age
Dark Age
Ending age
Imperial Age
RankedLock teamsTeams togetherTeam positionsShared explorationLock speedFull tech treeHidden civsTurbo modeCheats
Victory
Defeat
🇺🇸 Tatars · United States
1135
+15
🇺🇸 Burgundians · United States
1104
+16
🇧🇪 Armenians · Belgium
1131
-16
🇦🇷 Vietnamese · Argentina
1106
-15
Gederico
7:47 Loom
11:22 Feudal Age
15:47 Castle Age
14:02 Double-Bit Axe
15:57 Gold Mining
16:27 Scale Mail Armor
16:51 Arson
17:12 Squires
24:58 Chain Mail Armor
29:15 Horse Collar
31:07 Bow Saw
33:04 Wheelbarrow
LSD SaChOuSs
10:52 Feudal Age
10:06 Loom
12:03 Horse Collar
11:54 Man-at-Arms
13:45 Wheelbarrow
13:54 Long Swordsman
15:26 Arson
25:23 Castle Age
23:25 Fletching
30:06 Hand Cart
29:49 Double-Bit Axe
29:55 Stone Mining
30:31 Padded Archer Armor
30:52 Elite Skirmisher
31:35 Two-Handed Swordsman
MisterBinks
10:06 Loom
12:27 Feudal Age
10:55 Double-Bit Axe
19:44 Castle Age
18:43 Bow Saw
18:17 Horse Collar
19:16 Forging
24:13 Heavy Plow
32:42 Gold Mining
Barko
9:04 Loom
11:28 Feudal Age
11:54 Fishing Lines
15:03 Fletching
19:22 Castle Age
18:16 Fishing Lines
20:00 Bodkin Arrow
19:58 Crossbowman
23:56 Double-Bit Axe
24:59 Ballistics
26:51 Bow Saw
26:28 Horse Collar
28:01 Bloodlines
28:07 Heavy Plow
28:49 Gold Mining
29:31 Husbandry
30:57 Wheelbarrow
31:42 Scale Barding Armor
31:48 Forging
32:01 Padded Archer Armor
33:32 Gold Shaft Mining
32:47 Stone Mining
Connection lost

Rejoining the realm…

Still unreachable

The connection could not be restored.

Session expired

The server has moved on; the page needs a fresh start.